[Event "ICC Open 2015"]
[Site "Internet Chess Club"]
[Date "2015.05.29"]
[Round "2"]
[White "RdgMx"]
[Black "ForkNPin"]
[Result "0-1"]
[ICCResult "White resigns"]
[WhiteElo "1861"]
[BlackElo "1588"]
[Opening "Queen's bishop game"]
[ECO "D02"]
[NIC "QP.08"]
[Time "14:14:32"]
[TimeControl "180+0"]

1. d4 d5 2. Nf3 Nf6 3. Bf4 c5 4. e3 e6 5. c3 Be7 6. Nbd2 O-O 7. Bd3 b6 8.
Ne5 Bb7 9. O-O Nbd7 10. Ndf3 g6 11. h3 c4 12. Bc2 a6 13. Re1 b5 14. e4 dxe4
15. Nxd7 Qxd7 16. Ne5 Qd8 17. Ng4 Qd5 18. Nxf6+ Bxf6 19. Bxe4 Qd7 20. Bxb7
Qxb7 21. Be5 Bxe5 22. Rxe5 b4 23. Qe2 Rac8 24. Rd1 a5 25. Rxa5 bxc3 26. bxc3
Rb8 27. Re5 Rfc8 28. Qe3 Qb2 29. Rd2 Qc1+ 30. Kh2 Rb1 31. Re2 Rb2 32. Qf3
Qb1 33. Rxb2 Qxb2 34. Re2 Qa3 35. h4 h5 36. g3 Rb8 37. Qf4 Rb2 38. Rxb2 Qxb2
39. Qe3 Qxa2 40. Kg2 Qc2 41. Qf3 Qb3 42. Qe3 Qb5 43. f3 Qb2+ 44. Kh3 Qb5 45.
Qe5 Qxe5 46. dxe5 Kf8 47. Kg2 Ke8 48. Kf2 Kd7 49. Ke3 Kc6 50. Ke4 Kc5 51. f4
Kc6 52. Kd4 Kb5 53. Ke3 Kc5 54. Kf3 Kb5 55. Ke3 Ka4 56. Ke2 Kb3 57. Kd2 Kb2
58. Ke3 Kxc3 59. Kf3 Kd3 60. g4 hxg4+ 61. Kxg4 c3 62. Kg5 c2 63. Kf6 c1=Q
64. Kxf7 Qxf4+ 65. Kxe6 Qxh4 66. Kf7 g5 67. e6 g4 68. e7 Qxe7+ 69. Kxe7 g3
{White resigns}
0-1

[Event "ICC Open 2015"]
[Site "Internet Chess Club"]
[Date "2015.05.29"]
[Round "2"]
[White "Lundendorf"]
[Black "MWeston"]
[Result "0-1"]
[ICCResult "White forfeits on time"]
[WhiteElo "1790"]
[BlackElo "2740"]
[Opening "Sicilian: Kan, 5.Nc3"]
[ECO "B43"]
[NIC "SI.41"]
[Time "14:14:23"]
[TimeControl "180+0"]

1. e4 c5 2. Nf3 e6 3. d4 cxd4 4. Nxd4 a6 5. Nc3 Qc7 6. Bd3 Nf6 7. f4 Nc6 8.
Nb3 d6 9. Qf3 Be7 10. Bd2 O-O 11. g4 b5 12. g5 Nd7 13. O-O-O Nb4 14. Kb1 Bb7
15. h4 Nxd3 16. cxd3 Nc5 17. Nd4 Qb6 18. Be3 b4 19. Nce2 Qa5 20. f5 e5 21.
Nb3 Nxb3 22. axb3 f6 23. g6 Qc7 24. gxh7+ Kh8 25. Rhg1 d5 26. Rg6 dxe4 27.
dxe4 Rf7 28. h5 Qc6 29. Ng3 Rc8 30. Rc1 Qd7 31. Rxc8+ Bxc8 32. h6 Bf8 33.
Nh5 Qd3+ 34. Ka2 Qd7 35. Qg3 Kxh7 36. hxg7 Bxg7 37. Nxg7 Rxg7 38. Qh4+ Kg8
39. Qxf6 Qf7 40. Rxg7+ Qxg7 41. Qxg7+ Kxg7 42. Bc5 Kf6 43. Bd6 Bb7 44. Bxb4
Bxe4 45. Bc3 Kxf5 46. Ka3 Bc6 47. Kb4 Bb5 48. Kc5 Ke4 49. Kb4 Kf4 50. Kc5 e4
51. Kd4 e3 {White forfeits on time} 0-1

[Event "ICC Open 2015"]
[Site "Internet Chess Club"]
[Date "2015.05.29"]
[Round "2"]
[White "BlackHorse97"]
[Black "Tut"]
[Result "0-1"]
[ICCResult "White forfeits on time"]
[WhiteElo "2405"]
[BlackElo "3237"]
[Opening "King's Indian, 3.Nf3"]
[ECO "E60"]
[NIC "KI.80"]
[Time "14:13:43"]
[TimeControl "180+0"]

1. d4 Nf6 2. c4 g6 3. Nf3 Bg7 4. g3 c5 5. Nc3 cxd4 6. Nxd4 d5 7. cxd5 Nxd5
8. Bg2 Nxc3 9. bxc3 O-O 10. O-O Nc6 11. Nxc6 bxc6 12. Bxc6 Bh3 13. Bg2 Bxg2
14. Kxg2 Bxc3 15. Qxd8 Rfxd8 16. Rb1 Rd7 17. Be3 Rad8 18. Rb3 Bf6 19. Ra3
Rb8 20. Rxa7 Rxa7 21. Bxa7 Ra8 22. Be3 Rxa2 23. Kf3 h5 24. h4 Kg7 25. Rb1 e6
26. Rb7 Ra3 27. Ke4 Ra4+ 28. Kf3 Ra3 29. Ke4 Ra2 30. Kf3 Bc3 31. Rc7 Bd2 32.
Bd4+ Kf8 33. Bf6 Ra8 34. Rd7 Ba5 35. Rb7 Bd8 36. Bxd8 Rxd8 37. e3 Kg7 38.
Ra7 Kf6 39. Rb7 Rd5 40. Ra7 Rf5+ 41. Kg2 Rb5 42. Rc7 Rd5 43. Rb7 Rc5 44. Ra7
Rb5 45. Rc7 Ra5 46. Rb7 Rd5 47. Rc7 Ra5 48. Rb7 Rd5 49. Ra7 Re5 50. Rb7 Rd5
51. Ra7 Re5 52. Rb7 Rd5 53. Ra7 g5 54. hxg5+ Rxg5 55. Rb7 h4 56. Rb4 hxg3
57. fxg3 Re5 58. Kf3 Kg5 59. Rf4 f6 60. g4 Kg6 61. Kf2 Rb5 62. Kf3 Rb2 63.
Rd4 Kg5 64. Rf4 Rb1 65. Rb4 Rf1+ 66. Kg3 Re1 67. Kf3 Rf1+ 68. Kg3 Rg1+ 69.
Kf3 e5 70. Rb8 Rf1+ 71. Kg3 Kg6 72. Rg8+ Kf7 73. Rb8 Re1 74. Kf3 Kg6 75.
Rg8+ Kf7 76. Rb8 Rd1 77. Ke4 Rc1 78. Kf5 Rf1+ 79. Ke4 Rg1 80. Kf5 Rf1+ 81.
Ke4 Kg6 82. Rg8+ Kh6 83. g5+ fxg5 84. Kxe5 Rf3 85. e4 Kh5 86. Kd5 g4 87. e5
Rd3+ 88. Kc6 Re3 89. Kd6 g3 90. e6 Kh4 91. e7 Rd3+ 92. Kc7 Re3 93. Rh8+ Kg4
94. Kd8 Rd3+ 95. Kc8 Rc3+ 96. Kd8 Rd3+ 97. Kc8 Rc3+ 98. Kd8 Ra3
{White forfeits on time}
0-1

[Event "ICC Open 2015"]
[Site "Internet Chess Club"]
[Date "2015.05.29"]
[Round "2"]
[White "iragefree"]
[Black "Blondicheck"]
[Result "1-0"]
[ICCResult "Black forfeits on time"]
[WhiteElo "1881"]
[BlackElo "1519"]
[Opening "Queen's pawn: Charlick (Englund) gambit"]
[ECO "A40"]
[NIC "QO.17"]
[Time "14:14:19"]
[TimeControl "180+0"]

1. d4 e5 2. dxe5 Nc6 3. Nf3 Qe7 4. Qd5 Nb4 5. Qb3 Nc6 6. Bf4 Qb4+ 7. Qxb4
Nxb4 8. Na3 Ne7 9. c3 Nbc6 10. Nc4 Ng6 11. Bg3 b5 12. Ncd2 b4 13. e3 bxc3
14. bxc3 Bc5 15. Bc4 O-O 16. O-O Re8 17. Ne4 Bb6 18. Neg5 Re7 19. Nxf7 Rxf7
20. Ng5 Ngxe5 21. Bb3 Ba6 22. Rfe1 h6 23. Nxf7 Nxf7 24. Rad1 d6 25. Bd5 Bb7
26. c4 Kf8 27. h4 Ncd8 28. Bxb7 Nxb7 29. Rb1 Re8 30. a4 Na5 31. Rb5 Nxc4 32.
Rc1 Nce5 33. f4 Nd3 34. Rc3 Bxe3+ 35. Kh2 Nc5 36. a5 Bd4 37. Rc4 Bf6 38. h5
Nd8 39. Rb1 Nc6 40. Rcc1 Nd4 41. Bf2 Ne2 42. Re1 Nxf4 43. Bxc5 dxc5 44.
Rxe8+ {Black forfeits on time} 1-0

[Event "ICC Open 2015"]
[Site "Internet Chess Club"]
[Date "2015.05.29"]
[Round "2"]
[White "ChessNakas"]
[Black "Durarbeyli"]
[Result "0-1"]
[ICCResult "White forfeits on time"]
[WhiteElo "2164"]
[BlackElo "2830"]
[Opening "Giuoco Piano"]
[ECO "C50"]
[NIC "IG.02"]
[Time "14:13:18"]
[TimeControl "180+0"]

1. e4 e5 2. Nf3 Nc6 3. Bc4 Bc5 4. O-O Nf6 5. d4 Bxd4 6. Nxd4 Nxd4 7. f4 d6
8. fxe5 dxe5 9. Bg5 Be6 10. Na3 Qe7 11. c3 Bxc4 12. Bxf6 gxf6 13. Nxc4 Ne6
14. Ne3 Qc5 15. Qd2 Rd8 16. Qf2 Nf4 17. Kh1 Rd3 18. Rae1 Qc6 19. Nf5 Rg8 20.
g3 Ne6 21. Qe2 Nc5 22. b4 Nxe4 23. Qxe4 Rxc3 24. Qxc6+ Rxc6 25. Rc1 Rxc1 26.
Rxc1 Kd7 27. b5 Rc8 28. Kg2 Ke6 29. g4 Rg8 30. Kf3 h5 31. h3 hxg4+ 32. hxg4
Kd7 33. Ng3 Rc8 34. Ne4 Ke7 35. Nc5 b6 36. Na6 Kd6 37. Rc6+ Kd7 38. Rxf6 Ke7
39. Rc6 Kd7 40. Ke4 Rg8 41. Rxc7+ Ke6 42. Rc6+ Ke7 43. Kf5 Rd8 44. Rc7+ Kf8
45. Rxa7 Re8 46. Nc7 Re7 47. Ra8+ Kg7 48. Ne8+ Kh6 49. Nf6 e4 50. Rh8+ Kg7
51. Rh7+ Kf8 52. Nxe4 Rd7 53. Nf6 Ra7 54. Rh8+ Ke7 55. Re8+ Kd6 56. Rd8+ Kc5
57. Rd2 Ra3 58. Rc2+ Kxb5 59. Rd2 Ka6 60. Rb2 Ra5+ 61. Kf4 Ra4+ 62. Kg3 Ra5
63. Kh4 Ra3 64. Kh5 Ra4 65. g5 Ra5 66. Kh6 Rc5 67. Kg7 Rc7 68. Rb3 Ra7 69.
Ra3+ Kb7 70. Kxf7 Rxa3 71. Kg6 Rxa2 72. Kh5 Rf2 73. g6 Rxf6 74. Kh6 Rf5 75.
Kg7 Rf1 76. Kh7 Rg1 77. g7 Rxg7+ 78. Kh8 b5 79. Kxg7 Kc6 80. Kf6 Kd5 81. Kf5
b4 82. Kf4 Kd4 83. Kf5 Kd3 84. Kf6 b3 85. Ke6 b2 86. Kd7 b1=Q 87. Ke6 Qb2
88. Kf7 Qc3 89. Kg6 Qc4 90. Kh7 Qd4 {White forfeits on time} 0-1

[Event "ICC Open 2015"]
[Site "Internet Chess Club"]
[Date "2015.05.29"]
[Round "2"]
[White "bigali"]
[Black "Sherlocked"]
[Result "0-1"]
[ICCResult "White forfeits on time"]
[WhiteElo "1614"]
[BlackElo "1986"]
[Opening "Pirc: classical (two knights) system"]
[ECO "B08"]
[NIC "PU.10"]
[Time "14:14:40"]
[TimeControl "180+0"]

1. e4 d6 2. d4 Nf6 3. Nc3 g6 4. Nf3 Bg7 5. Bg5 O-O 6. Qd2 c6 7. h3 Qc7 8.
Bd3 e5 9. d5 c5 10. O-O a6 11. a4 Nbd7 12. Nh2 Nh5 13. f4 exf4 14. Bxf4 Ne5
15. Bh6 Qe7 16. Bxg7 Kxg7 17. Nf3 Bd7 18. Nxe5 Qxe5 19. Rf2 Rae8 20. Raf1
Ng3 21. Re1 h5 22. b3 h4 23. Qf4 Qxf4 24. Rxf4 g5 25. Rf3 f6 26. Rfe3 Re5
27. Ne2 Nxe2+ 28. R1xe2 b5 29. axb5 axb5 30. c4 bxc4 31. bxc4 Rb8 32. Ra2
Rb6 33. Kf2 Re7 34. Ra7 Kf7 35. Re2 Be8 36. Rea2 Rbb7 37. Rxb7 Rxb7 38. Ra6
Ke7 39. Ra8 Rb2+ 40. Kf3 Bh5+ 41. Ke3 Rxg2 42. Ra7+ Ke8 {White forfeits on
time} 0-1

[Event "ICC Open 2015"]
[Site "Internet Chess Club"]
[Date "2015.05.29"]
[Round "2"]
[White "geographywhiz"]
[Black "Pkopsa"]
[Result "1-0"]
[ICCResult "Black forfeits on time"]
[WhiteElo "1932"]
[BlackElo "1628"]
[Opening "QGD: semi-Slav, Noteboom variation"]
[ECO "D31"]
[NIC "SL.06"]
[Time "14:14:18"]
[TimeControl "180+0"]

1. d4 d5 2. c4 e6 3. Nc3 c6 4. Nf3 dxc4 5. a4 Bb4 6. Bf4 b5 7. axb5 cxb5 8.
e3 Bb7 9. Qc2 a5 10. Nd2 Nf6 11. Nxb5 O-O 12. Bxc4 Nbd7 13. O-O Rc8 14. b3
e5 15. dxe5 Ng4 16. Rfd1 Qh4 17. Nf3 Bxf3 18. gxf3 Ngxe5 19. Bg3 Nxf3+ 20.
Kg2 Qg4 21. Qe2 Nde5 22. Nd4 Rxc4 23. bxc4 Nxd4 24. Qxg4 Nxg4 25. Rxd4 Nf6
26. Bd6 Rc8 27. Bxb4 axb4 28. c5 h5 29. Rxb4 {Black forfeits on time} 1-0

[Event "ICC Open 2015"]
[Site "Internet Chess Club"]
[Date "2015.05.29"]
[Round "2"]
[White "pawnloser"]
[Black "RiFlex01"]
[Result "0-1"]
[ICCResult "White resigns"]
[WhiteElo "1578"]
[BlackElo "2063"]
[Opening "French: exchange variation"]
[ECO "C01"]
[NIC "FR.01"]
[Time "14:15:38"]
[TimeControl "180+0"]

1. e4 e6 2. d4 d5 3. exd5 exd5 4. h3 Nc6 5. Nf3 Bf5 6. Bd3 Nge7 7. O-O Qd7
8. Nc3 O-O-O 9. a3 f6 10. b4 g5 11. Nh2 h5 12. Ne2 h4 13. Be3 Be6 14. Rc1
Nf5 15. c4 dxc4 16. Bxc4 Bd6 17. Ng4 Bxc4 18. Rxc4 Qf7 19. Qc1 Nce7 20. Qc2
Kb8 21. Rc1 Qe6 22. b5 Nd5 23. Qd3 Rhe8 24. a4 Nfxe3 25. fxe3 f5 26. Ne5
Bxe5 27. dxe5 Nb6 {White resigns} 0-1

[Event "ICC Open 2015"]
[Site "Internet Chess Club"]
[Date "2015.05.29"]
[Round "2"]
[White "shortcastle"]
[Black "nevidimka"]
[Result "0-1"]
[ICCResult "White forfeits on time"]
[WhiteElo "1687"]
[BlackElo "1966"]
[Opening "English opening"]
[ECO "A17"]
[NIC "EO.64"]
[Time "14:14:25"]
[TimeControl "180+0"]

1. c4 Nf6 2. Nc3 e6 3. g3 d5 4. cxd5 exd5 5. d4 Be7 6. Bg2 O-O 7. Nf3 Re8 8.
O-O a5 9. a3 Na6 10. Re1 c6 11. Bf4 Bf8 12. Rc1 h6 13. h4 Bf5 14. Kh2 Ne4
15. Nxe4 Bxe4 16. Nd2 Bxg2 17. Kxg2 Nc7 18. Nf3 Ne6 19. Bd2 a4 20. Qc2 g6
21. Rcd1 Bg7 22. Be3 h5 23. Ng5 Qa5 24. Nxe6 Rxe6 25. Qd2 Qxd2 26. Bxd2 Rae8
27. e3 Bf6 28. Bb4 Be7 29. Bxe7 R6xe7 30. Rc1 Re4 31. Red1 Ra8 32. Rc2 Ree8
33. Rdc1 Ra5 34. Rd1 Rea8 35. Rdc1 R8a6 36. Rc5 Kf8 37. R1c2 Ke7 38. Kf3 Kd6
39. Kf4 f6 40. g4 hxg4 41. Kxg4 Ra8 42. Rxa5 Rxa5 43. h5 gxh5+ 44. Kxh5 Ke6
45. Kg4 Ra8 46. Kf4 Rh8 47. Rc1 Rh4+ 48. Kf3 Rh2 49. Kg3 Rh8 50. Rg1 Rg8+
51. Kh2 Rh8+ 52. Kg2 Kf5 53. Kf1 Ke4 54. Ke2 Kf5 55. Rg3 Rh7 56. Rf3+ Ke6
57. Rg3 Rh1 58. Kd2 Rb1 59. Kc2 Rf1 60. Rg2 Kf5 61. Rh2 Ke4 62. Rh4+ Kf3 63.
Rf4+ Ke2 64. Rxf6 Rxf2 {White forfeits on time} 0-1

[Event "ICC Open 2015"]
[Site "Internet Chess Club"]
[Date "2015.05.29"]
[Round "2"]
[White "Hareaum"]
[Black "cap78red"]
[Result "1-0"]
[ICCResult "Black checkmated"]
[WhiteElo "1794"]
[BlackElo "1360"]
[Opening "Alekhine's defense"]
[ECO "B02"]
[NIC "AL.10"]
[Time "14:14:27"]
[TimeControl "180+0"]

1. e4 Nf6 2. e5 Nd5 3. Nf3 d6 4. Nc3 Nxc3 5. bxc3 dxe5 6. Nxe5 Nc6 7. Nxc6
bxc6 8. Bc4 e6 9. Qf3 Be7 10. Qxc6+ Bd7 11. Qf3 O-O 12. O-O c5 13. d4 Rc8
14. Bd3 Bc6 15. Qh5 g6 16. Qh3 cxd4 17. cxd4 Qxd4 18. Bh6 Rfe8 19. Be3 Qf6
20. Bxa7 Bf8 21. a4 Bg7 22. a5 Qe7 23. Be3 Ra8 24. a6 Red8 25. Rab1 Bd4 26.
Rfe1 Bxe3 27. Rxe3 Rd5 28. Rbe1 Bb5 29. Qf3 Qa7 30. Be4 Re5 31. Bxa8 Rxe3
32. fxe3 Qxa8 33. Qxa8+ Kg7 34. Qb7 Bc4 35. a7 Bd5 36. Qxd5 exd5 37. a8=Q
Kh6 38. Qxd5 f5 39. g4 f4 40. Qe5 g5 41. Qf5 Kg7 42. Qxg5+ Kh8 43. exf4 h6
44. Re8+ Kh7 45. Qg8# {Black checkmated} 1-0

[Event "ICC Open 2015"]
[Site "Internet Chess Club"]
[Date "2015.05.29"]
[Round "2"]
[White "Kseroks"]
[Black "mvillalba"]
[Result "1-0"]
[ICCResult "Black resigns"]
[WhiteElo "2778"]
[BlackElo "2103"]
[Opening "QGD semi-Slav"]
[ECO "D43"]
[NIC "QI.01"]
[Time "14:14:30"]
[TimeControl "180+0"]

1. d4 Nf6 2. c4 e6 3. Nf3 d5 4. Nc3 c6 5. Bg5 Nbd7 6. cxd5 exd5 7. e3 Be7 8.
Bd3 Nh5 9. Bxe7 Qxe7 10. O-O O-O 11. Qc2 g6 12. Rab1 Nb6 13. b4 a6 14. a4
Nf6 15. b5 axb5 16. axb5 c5 17. dxc5 Qxc5 18. Rfc1 Bd7 19. Qb2 Qd6 20. Nd4
Rfc8 21. h3 Rc5 22. Nce2 Rac8 23. Rxc5 Rxc5 24. Rc1 Qc7 25. Rxc5 Qxc5 26.
Qa1 Ne8 27. Qa7 Qc7 28. Nf4 Nd6 29. Qa3 Kg7 30. Qb2 Kg8 31. Qa1 Qc5 32. h4
Bxb5 33. Bxb5 Nxb5 34. Nxb5 Qxb5 35. Qe5 Qc6 36. h5 Nc4 37. Qg5 Qd6 38. h6
b5 39. Qg4 b4 40. Qc8+ Qf8 41. Qb7 Qxh6 42. Nxd5 Qg5 43. Qc8+ Kg7 44. Qxc4
b3 45. Qxb3 Qe5 46. Qc4 Qa1+ 47. Kh2 Qe5+ 48. g3 Qh5+ 49. Kg2 Qe5 50. Qd4
Qxd4 51. exd4 f5 52. Kf3 Kf7 53. Kf4 Ke6 54. Ne3 Kd6 55. Kg5 Ke7 56. Kh6 Kf6
57. f4 Kf7 58. Kxh7 Kf6 59. Kh6 Kf7 60. d5 Kf6 61. d6 Ke6 62. Kxg6
{Black resigns}
1-0

[Event "ICC Open 2015"]
[Site "Internet Chess Club"]
[Date "2015.05.29"]
[Round "2"]
[White "Otho"]
[Black "karodash"]
[Result "1-0"]
[ICCResult "Black forfeits on time"]
[WhiteElo "1903"]
[BlackElo "1571"]
[Opening "Van't Kruijs opening"]
[ECO "A00"]
[Time "14:14:18"]
[TimeControl "180+0"]

1. e3 d5 2. d4 e6 3. c4 f5 4. Nc3 c6 5. f4 Nf6 6. Nf3 Be7 7. Bd3 O-O 8. O-O
Ne4 9. Ne5 Nd7 10. Bxe4 fxe4 11. b3 Bb4 12. Bd2 Qh4 13. a3 Bd6 14. Qe2 Rf6
15. g3 Qh3 16. Nxd7 Bxd7 17. c5 Bc7 18. b4 Raf8 19. Qg2 Qh5 20. g4 Qh4 21.
Be1 Qh6 22. g5 Qg6 23. gxf6 Qxf6 24. Qg5 Qf7 25. Kh1 Bd8 26. Qg2 Qh5 27. Rg1
g6 28. Ne2 e5 29. fxe5 Bh3 30. Qg3 Rf3 31. Nf4 Rxg3 32. Nxh5 Rxg1+ 33. Kxg1
gxh5 34. a4 Bg4 35. b5 Bg5 36. Bf2 Kf7 37. bxc6 bxc6 38. Rb1 Be2 39. Rb7+
Kg6 40. Rxa7 {Black forfeits on time} 1-0

[Event "ICC Open 2015"]
[Site "Internet Chess Club"]
[Date "2015.05.29"]
[Round "2"]
[White "Kenajode"]
[Black "Woss"]
[Result "0-1"]
[ICCResult "White forfeits on time"]
[WhiteElo "1772"]
[BlackElo "1862"]
[Opening "Queen's pawn"]
[ECO "A40"]
[NIC "QO.17"]
[Time "14:13:57"]
[TimeControl "180+0"]

1. d4 e6 2. Nf3 d5 3. g3 Nf6 4. Bg2 Be7 5. O-O c6 6. Bg5 Nbd7 7. Nbd2 O-O 8.
c4 Ne4 9. Bxe7 Qxe7 10. Nxe4 dxe4 11. Ne5 f5 12. Nxd7 Bxd7 13. e3 Rad8 14.
Qc2 Be8 15. c5 Bh5 16. b4 Rd7 17. Rab1 a6 18. a4 e5 19. b5 exd4 20. bxc6
bxc6 21. exd4 Rxd4 22. Rb6 Rfd8 23. Rxc6 e3 24. fxe3 Qxe3+ 25. Kh1 Rd2 26.
Qc4+ Bf7 27. Qxa6 Rxg2 28. Kxg2 Rd2+ 29. Kh3 g6 30. Rf4 Qg1 31. Kh4 Qxh2+
32. Kg5 Kg7 33. Rxg6+ hxg6 34. Qf6+ Kg8 35. Rh4 Qxg3+ 36. Kh6 Kf8 37. Qh8+
Ke7 38. Kg7 Qc3+ 39. Kh7 Qxh8+ 40. Kxh8 g5 41. Rb4 g4 {White forfeits on
time} 0-1

[Event "ICC Open 2015"]
[Site "Internet Chess Club"]
[Date "2015.05.29"]
[Round "2"]
[White "Shadeath"]
[Black "SvMihajlov"]
[Result "1/2-1/2"]
[ICCResult "Game drawn by repetition"]
[WhiteElo "3010"]
[BlackElo "2264"]
[Opening "Queen's pawn game"]
[ECO "A46"]
[NIC "QP.06"]
[Time "14:14:26"]
[TimeControl "180+0"]

1. d4 Nf6 2. Nf3 d6 3. Bg5 Ne4 4. Bf4 g6 5. e3 Bg7 6. Nbd2 Nxd2 7. Qxd2 O-O
8. Bc4 Nc6 9. Rd1 a6 10. O-O b5 11. Bb3 Bb7 12. c3 Na5 13. Bc2 Nc4 14. Qc1
Bxf3 15. gxf3 Qc8 16. b3 Nb6 17. Bg3 e5 18. dxe5 dxe5 19. Be4 Rb8 20. f4 Qe6
21. fxe5 Bxe5 22. Bg2 Bxg3 23. hxg3 Rbd8 24. Rxd8 Rxd8 25. Rd1 Rd6 26. Rd4
c5 27. Rd2 Qd7 28. Rxd6 Qxd6 29. Bf3 Qf6 30. Bg2 Nd7 31. Qd2 Ne5 32. Qd5 c4
33. bxc4 Nxc4 34. Qd4 Qxd4 35. cxd4 Kf8 36. Kf1 Ke7 37. Ke2 Kd6 38. Kd3 Nb6
39. Kc3 a5 40. e4 b4+ 41. Kb3 f6 42. f4 g5 43. e5+ fxe5 44. fxe5+ Ke6 45.
Be4 h5 46. a3 bxa3 47. Kxa3 h4 48. g4 Nd5 49. Bh1 Ne3 50. Ka4 Nxg4 51. Kxa5
Ne3 52. Kb4 g4 53. Kc5 g3 54. d5+ Kxe5 55. d6 h3 56. d7 g2 57. Bxg2 hxg2 58.
d8=Q g1=Q 59. Qd4+ Kf5 60. Qd7+ Kf4 61. Qd6+ Kf3 62. Qf6+ Ke2 63. Qb2+ Kf3
64. Qf6+ Ke2 65. Qb2+ Kf3 66. Qf6+ {Game drawn by repetition} 1/2-1/2

[Event "ICC Open 2015"]
[Site "Internet Chess Club"]
[Date "2015.05.29"]
[Round "2"]
[White "TheLoneKing1"]
[Black "PuRe"]
[Result "0-1"]
[ICCResult "White forfeits on time"]
[WhiteElo "1979"]
[BlackElo "1853"]
[Opening "Sicilian: Anderssen variation"]
[ECO "B41"]
[NIC "SI.41"]
[Time "14:14:16"]
[TimeControl "180+0"]

1. e4 c5 2. Nf3 e6 3. d4 cxd4 4. Nxd4 Nf6 5. Nc3 Nc6 6. Be2 Bb4 7. Nxc6 bxc6
8. Bd3 d5 9. exd5 cxd5 10. O-O O-O 11. Bg5 h6 12. Bh4 Be7 13. Re1 Rb8 14.
Rb1 Qa5 15. Bg3 Bd6 16. Bxd6 Bd7 17. Bxf8 Kxf8 18. Qf3 Kg8 19. Qg3 Rc8 20.
a3 Be8 21. Ne2 Nh5 22. Qg4 Nf6 23. Qh4 Qd2 24. Qf4 Qa5 25. Ng3 Ba4 26. c3
Bb3 27. Qh4 Qb6 28. Nh5 Ne8 29. Qg3 Ba2 30. Rbc1 Qxb2 31. a4 Bb3 32. a5 Qa2
33. a6 Qd2 34. Bb1 g6 35. Nf4 g5 36. Nd3 Rxc3 37. Rxc3 Qxc3 38. Rc1 Qa5 39.
Ne5 Bc4 40. Qf3 f6 41. Nd7 Qd2 42. Rd1 Qb2 43. Nxf6+ Nxf6 44. h3 Kg7 45. Bd3
Bxd3 46. Qxd3 Qe5 {White forfeits on time} 0-1

[Event "ICC Open 2015"]
[Site "Internet Chess Club"]
[Date "2015.05.29"]
[Round "2"]
[White "MoonlightWizard"]
[Black "Satyricon"]
[Result "1-0"]
[ICCResult "Black resigns"]
[WhiteElo "3040"]
[BlackElo "2257"]
[Opening "Sicilian: Najdorf, Byrne (English) attack"]
[ECO "B90"]
[NIC "SI.14"]
[Time "14:14:56"]
[TimeControl "180+0"]

1. e4 c5 2. Nf3 d6 3. d4 cxd4 4. Nxd4 Nf6 5. Nc3 a6 6. Be3 e5 7. Nb3 Be6 8.
f4 exf4 9. Bxf4 Nc6 10. Qe2 Ne5 11. h3 Be7 12. O-O-O Qc7 13. g4 h6 14. Nd4
Rc8 15. Nf5 Bxf5 16. exf5 O-O 17. g5 hxg5 18. Bxg5 Nc4 19. Qf3 Rfe8 20. Rg1
Nxb2 21. Kxb2 Qb6+ 22. Bb5 axb5 23. Bh6 Qc5 24. Bxg7 Qb4+ 25. Ka1
{Black resigns}
1-0

[Event "ICC Open 2015"]
[Site "Internet Chess Club"]
[Date "2015.05.29"]
[Round "2"]
[White "TasteOflover"]
[Black "gauss"]
[Result "1-0"]
[ICCResult "Black forfeits on time"]
[WhiteElo "2744"]
[BlackElo "2090"]
[Opening "English: symmetrical variation"]
[ECO "A30"]
[NIC "EO.64"]
[Time "14:14:20"]
[TimeControl "180+0"]

1. c4 c5 2. g3 Nc6 3. Bg2 e5 4. e3 g6 5. h4 h6 6. Nc3 Bg7 7. Nge2 d6 8. a3
Be6 9. Nd5 a5 10. Qb3 Rb8 11. Nec3 Nge7 12. Nxe7 Nxe7 13. Qa4+ Qd7 14. Qxd7+
Kxd7 15. d3 f5 16. Bd2 b6 17. Rb1 Nc6 18. Kd1 g5 19. Kc2 g4 20. Nb5 a4 21.
Nc3 Ra8 22. Nd5 Rhb8 23. b4 axb3+ 24. Rxb3 Ra6 25. Rhb1 Bxd5 26. Bxd5 Kc7
27. Be6 Ne7 28. h5 Rba8 29. e4 fxe4 30. dxe4 Rxa3 31. Rxb6 R8a7 32. Rb8 Ra2+
33. Kd3 R2a3+ 34. Bc3 Bf6 35. Rf8 Bg5 36. Rb5 Rb7 37. Rxb7+ Kxb7 38. Rf7
{Black forfeits on time}
1-0

[Event "ICC Open 2015"]
[Site "Internet Chess Club"]
[Date "2015.05.29"]
[Round "2"]
[White "lemanofzorn"]
[Black "anu1217"]
[Result "0-1"]
[ICCResult "White forfeits on time"]
[WhiteElo "1519"]
[BlackElo "1900"]
[Opening "QGD"]
[ECO "D52"]
[NIC "SL.01"]
[Time "14:14:17"]
[TimeControl "180+0"]

1. d4 d5 2. c4 c6 3. Nc3 Nf6 4. Bg5 e6 5. e3 Nbd7 6. Nf3 Be7 7. Bd3 h6 8.
Bh4 O-O 9. O-O Re8 10. Rc1 Bd6 11. c5 Bc7 12. Bb1 e5 13. dxe5 Nxe5 14. Nxe5
Bxe5 15. Qc2 g6 16. f4 Bc7 17. f5 g5 18. Bg3 Bxg3 19. hxg3 Rxe3 20. Ne2 d4
21. Rcd1 d3 22. Qc3 Qe7 23. Bxd3 Ne4 24. f6 Qxc5 25. Qxc5 Nxc5 26. Bc4 Be6
27. Bxe6 Nxe6 28. Nc3 Rd8 29. Rxd8+ Nxd8 30. Rd1 Ne6 31. Rd7 Nc5 32. Rd8+
Kh7 33. b4 Ne4 34. Nxe4 Rxe4 35. Rd7 Rxb4 36. Rxf7+ Kg6 37. Rf8 Rb1+ 38. Kh2
Rb2 39. g4 Rxa2 40. f7 Kg7 41. Rb8 Kxf7 42. Rxb7+ Kg6 43. Rc7 Ra6 44. Kh3
Kf6 45. g3 Kg6 46. Rd7 Rb6 47. Rd6+ Kf7 48. Rd7+ Ke6 {White forfeits on
time} 0-1

[Event "ICC Open 2015"]
[Site "Internet Chess Club"]
[Date "2015.05.29"]
[Round "2"]
[White "gladiator46"]
[Black "Chaos23"]
[Result "0-1"]
[ICCResult "White forfeits on time"]
[WhiteElo "1652"]
[BlackElo "2047"]
[Opening "Benko's opening"]
[ECO "A00"]
[NIC "VO.09"]
[Time "14:14:32"]
[TimeControl "180+0"]

1. g3 g6 2. Bg2 Bg7 3. c4 Nf6 4. Qb3 O-O 5. Bxb7 Bxb7 6. Qxb7 Nc6 7. Nc3 Rb8
8. Qa6 Nb4 9. Qa4 d5 10. a3 d4 11. axb4 dxc3 12. bxc3 Qd6 13. Nf3 Qe6 14. c5
Nd5 15. Qd1 Nxb4 16. Rxa7 Nd5 17. O-O Ra8 18. Rxa8 Rxa8 19. c4 Nb4 20. d3
Ra1 21. e3 Qf5 22. Nd4 Qxc5 23. Qb3 Nc6 24. Nxc6 Qxc6 25. Bb2 Rxf1+ 26. Kxf1
Bxb2 27. Qxb2 Qh1+ 28. Ke2 Qxh2 29. Qb8+ Kg7 30. Qxc7 Qh5+ 31. Kd2 Qf3 32.
Qe5+ Kg8 33. Qb8+ Kg7 34. Qf4 Qc6 35. Qd4+ f6 36. e4 h5 37. Qd5 Qc7 38. f4
h4 39. gxh4 Qxf4+ 40. Kc3 Qxh4 41. Qe6 Qe1+ 42. Kd4 Qb4 43. Qd5 Qb2+ 44. Ke3
Qc1+ 45. Ke2 Qc2+ 46. Ke3 Qg2 47. Kd4 Qg1+ 48. Kc3 Qe3 49. Qd4 Qc1+ 50. Kb3
Qd1+ 51. Ka3 Qc1+ 52. Kb4 Qb1+ {White forfeits on time} 0-1

[Event "ICC Open 2015"]
[Site "Internet Chess Club"]
[Date "2015.05.29"]
[Round "2"]
[White "RST2003"]
[Black "ghorok"]
[Result "1-0"]
[ICCResult "Black forfeits on time"]
[WhiteElo "1840"]
[BlackElo "1553"]
[Opening "French: Albin-Alekhine-Châtard attack"]
[ECO "C13"]
[NIC "FR.06"]
[Time "14:14:28"]
[TimeControl "180+0"]

1. e4 e6 2. d4 d5 3. Nc3 Nf6 4. Bg5 Be7 5. e5 Nfd7 6. h4 h6 7. Bxe7 Qxe7 8.
Qg4 f6 9. Bd3 fxe5 10. Qh5+ Kd8 11. dxe5 Rf8 12. Nf3 c5 13. O-O-O Nc6 14.
Nb5 c4 15. Be2 Rf5 16. Qg4 Ndxe5 17. Nxe5 Nxe5 18. Qg3 Bd7 19. Nd4 Rf7 20.
Qxe5 Rxf2 21. Bf3 Qb4 22. Qe3 c3 23. Qxc3 Qxc3 24. bxc3 Rc8 25. Rhf1 Rxf1
26. Rxf1 Rxc3 27. Kb2 Rc7 28. Re1 Ke7 29. Bxd5 Rc5 30. Bxe6 Bxe6 31. Nxe6
Rb5+ 32. Kc1 Rb6 33. Nxg7+ Kf7 34. Nf5 Rf6 35. Nd4 Rf2 36. g3 Rg2 37. Rf1+
Kg6 38. Rf3 Rg1+ 39. Kb2 Rg2 40. Nb5 a6 41. Nd6 b5 42. Ne4 Rg1 43. Nc5 a5
44. a4 bxa4 45. Nxa4 Re1 46. Nc5 Re5 47. Nd3 Rb5+ 48. Kc3 a4 49. Kc4 Rb1 50.
Nb4 a3 51. Rxa3 Re1 52. Nd3 Re4+ 53. Kc3 {Black forfeits on time} 1-0